 Dungeon Crawl Stone Soup version 0.31-a0-819-gf6de2f5ab6 (webtiles) character file.

Game seed: 16228103726080422970

56953 Pooter the Severer (level 14, 0/202 HPs)
             Began as a Minotaur Berserker on Sept 24, 2023.
             Was an Elder of Trog.
             Killed by divine providence
             ... invoked by an orc high priest
              (10 damage)
             ... on level 2 of the Orcish Mines.
             The game lasted 02:05:07 (35253 turns).

Pooter the Severer (Minotaur Berserker)            Turns: 35253, Time: 02:05:08

Health: 0/202      AC: 15    Str: 30    XL:     14   Next: 43%
Magic:  13/13      EV: 10    Int:  6    God:    Trog [****..]
Gold:   1112       SH:  0    Dex: 15    Spells: 13/13 levels left

rFire   + . .        a - +1 battleaxe (drain)
rCold   . . .        (shield currently unavailable)
rNeg    . . .        y - +4 chain mail {rF+}
rPois   .            (helmet restricted)
rElec   .            (no cloak)
rCorr   .            L - +0 pair of gloves "Govyh Keg" {Dex+4}
SInv    .            d - +0 pair of boots
Will    +++..        (no amulet) Stlth
                     p - +6 ring of strength
HPRegen 1.53/turn    s - ring of flight
MPRegen 0.13/turn

%: no passive effects
@: berserking, lethally poisoned (0 -> -4), strong-willed, flying, regenerating,
very quick
A: horns 2, retaliatory headbutt
a: Renounce Religion, Berserk, Trog's Hand, Brothers in Arms


You were on level 2 of the Orcish Mines.
You worshipped Trog.
Trog was greatly pleased with you.
You visited 3 branches of the dungeon, and saw 18 of its levels.

You collected 2169 gold pieces.
You spent 1057 gold pieces at shops.

Inventory:

Hand Weapons
 a - a +1 battleaxe of draining (weapon)
   (You took it off a wight on level 9 of the Dungeon)
 b - a +0 arbalest
   (You took it off an orc warlord on level 2 of the Orcish Mines)
 n - a +0 hand axe
 E - a +4 scimitar of flaming
   (You took it off Erica on level 11 of the Dungeon)
 F - a +3 heavy morningstar
   (You took it off an orc on level 6 of the Dungeon)
 H - the +7 battleaxe of Precise Incision {pain, Fly rN+ Will+}
   (You found it on level 11 of the Dungeon)

   rN+:       It protects you from negative energy.
   Will+:     It increases your willpower.
   Fly:       It grants you flight.
 Y - a +6 heavy sling
   (You took it off Joseph on level 7 of the Dungeon)
Missiles
 e - 16 poisoned darts
 r - 3 curare-tipped darts
 K - 6 atropa-tipped darts
 M - 6 javelins
 Q - 211 stones
 U - 4 datura-tipped darts
 V - 17 boomerangs (quivered)
Armour
 d - a +0 pair of boots (worn)
   (You found it on level 1 of the Lair of Beasts)
 l - a +2 plate armour of cold resistance
   (You took it off an orc warrior on level 2 of the Orcish Mines)
 y - a +4 chain mail of fire resistance (worn)
   (You found it on level 8 of the Dungeon)
 L - the +0 pair of gloves "Govyh Keg" (worn) {Dex+4}
   (You found it on level 1 of the Lair of Beasts)

   Dex+4:     It affects your dexterity (+4).
Jewellery
 k - a ring of ice
   (You found it on level 2 of the Dungeon)
 p - a +6 ring of strength (left hand)
   (You found it on level 4 of the Dungeon)
 s - a ring of flight (right hand)
   (You found it on level 5 of the Dungeon)
 A - a ring of fire
   (You found it on level 9 of the Dungeon)
 C - a ring of resist corrosion
   (You found it on level 5 of the Lair of Beasts)
 N - a ring of positive energy
   (You found it on level 7 of the Dungeon)
 P - a ring of poison resistance
   (You found it on level 6 of the Dungeon)
 S - a +6 ring of strength
   (You found it on level 9 of the Dungeon)
Wands
 f - a wand of flame (10)
   (You found it on level 5 of the Lair of Beasts)
 u - a wand of paralysis (9)
   (You found it on level 9 of the Dungeon)
 x - a wand of acid (3)
   (You bought it in a shop on level 2 of the Orcish Mines)
 D - a wand of digging (6)
   (You found it on level 11 of the Dungeon)
 G - a wand of mindburst (13)
   (You found it on level 2 of the Lair of Beasts)
 T - a wand of roots (5)
   (You found it on level 5 of the Lair of Beasts)
 Z - a wand of polymorph (14)
   (You took it off a goblin on level 6 of the Dungeon)
Scrolls
 g - 2 scrolls of blinking
 h - 3 scrolls of noise {!r}
 i - 2 scrolls of identify {@r1}
 q - 2 scrolls of fog
 t - 7 scrolls of teleportation {@r4}
 v - 5 scrolls of poison {!r}
 w - 2 scrolls of immolation {!r}
 B - 3 scrolls of fear
 R - a scroll of revelation
 W - a scroll of butterflies
Potions
 c - 5 potions of lignification {!q}
 j - 4 potions of mutation {!q}
 m - 3 potions of might
 o - 5 potions of curing {@q1}
 z - 2 potions of resistance
 I - 2 potions of ambrosia
 J - 3 potions of heal wounds {@q2}
 O - 3 potions of enlightenment
 X - 2 potions of attraction {!q}


   Skills:
 + Level 15.0 Fighting
 * Level 18.1(19.0) Axes
 - Level 10.1(15.2) Maces & Flails
 * Level 14.1 Ranged Weapons
 + Level 2.6 Throwing
 + Level 4.0 Armour
 - Level 2.1 Dodging
 + Level 5.0 Evocations


You had 13 spell levels left.
You didn't know any spells.
Your spell library was empty.

Dungeon Overview and Level Annotations

Branches:
Dungeon (11/15) Zot: 25773  Temple (0/1) D:7            Lair (5/5) D:11 Zot: 17693
 Shoals (0/4) Lair:3       Spider (0/4) Lair:2        Slime (0/5) Lair:5
    Orc (2/2) D:11 Zot: 2355     Elf (0/3) Orc:2

Altars:
Cheibriados
Elyvilon
Fedhas
Gozag
Hepliaklqana
Nemelex Xobeh
Sif Muna
Trog
Uskayaw
Vehumet
Xom
Yredelemnul
The Shining One
Jiyva

Shops:
D:8 *   D:9 ?   D:11 ?   Orc:1 *   Orc:2 ?*


Innate Abilities, Weirdness & Mutations

You have a pair of horns on your head.
You reflexively headbutt those who attack you in melee.


Message History

The orc knight roars a battlecry! x2
The soul eater hits you!
* * * LOW HITPOINT WARNING * * *
You cut the orc knight into ribbons!!! You drain the orc knight.
You kill the orc knight!
Trog accepts your kill.
You can now call in reinforcements.
You completely miss the orc knight. You hit the soul eater.
You feel very sick.
You hear a shout!
Your life force feels restored.
Your Fighting skill increases to level 15!
Your Evocations skill increases to level 5!
You feel very sick.
The orc high priest hits you with a +0 battleaxe!
* * * LOW HITPOINT WARNING * * *
The orc knight barely misses you.
Items here: )) [[ †.
You completely miss the orc high priest.
Your headbutt misses the orc high priest.
You hit the soul eater. You closely miss the orc knight.
You feel sick. The soul eater barely misses you.
The orc high priest completely misses you.
The orc knight completely misses you.
An orc warrior comes into view. It is wielding a +0 mace.
You slice the orc high priest!! You drain the orc high priest!
You slash the orc knight!
You kill the orc knight!
Trog accepts your kill.
You hit the soul eater but do no damage.
You feel very sick.
Your Armour skill increases to level 4!
You open the orc high priest like a pillowcase!!!
You kill the orc high priest!
Trog accepts your kill.
You closely miss the soul eater.
You feel sick. The soul eater barely misses you.
An orc priest, 3 orc high priests and an orc warrior come into view.
The orc warrior is wielding a +0 long sword of holy wrath.
You feel very sick.
The orc high priest shouts! x2; The orc priest shouts!
The orc high priest shouts!
You hear a shout!
Things that are here:
a +0 battleaxe; a +0 scale mail You slice the orc warrior!!
You headbutt the orc warrior.
You kill the orc warrior!
Trog accepts your kill.
You slice the orc knight!! You drain the orc knight.
You feel sick.
The orc high priest mumbles some strange prayers to Beogh against you.
Beogh smites you!
You die...

..###..###.###...................
.###))###...###..........8.8.8...
###..###.#.#.###.................
##))###...#...###.......###'###..
#..###)..###...###......#.....#..
..###...## #..)###.....#..)..#.#
...)...## #).)###....#.)...#.#
..#...## ##)3.###...#..8..#..
#....## ##@#.###..#######.#
...)## #..o)...###..#.#...##
#..## ##o#o....###..##...##
.)..## #.o.....####.###....#
#....##


#oo #.#.###....#....## ..#...## #.o# ...###........### )...)..# ...# ..#
##.#.##...# # ..###...##.# .## ##...##.#### #..###... ##.#######. You could see
an orc knight (strong, drained), a soul eater, 3 orc high priests, an orc
warrior (strong) and 2 orc priests.

Vanquished Creatures
  An orc warlord (Orc:2)
  Snorg (D:10)
  The ghost of Exoisseh the Severer, a journeyman MiFi of Trog (Orc:1)
  Fannar (Lair:1)
  A hydra (Lair:5)
  A catoblepas (Lair:4)
  A merfolk avatar (Lair:5)
  Erica (D:11)
  8 death yaks
  A two-headed ogre (D:10)
  A boulder beetle (D:11)
  An orc high priest (Orc:2)
  3 skysharks
  Pikel (D:5)
  A harpy (Lair:5)
  4 orc knights
  3 oklob plants (Lair:1)
  2 orc sorcerers (Orc:2)
  2 manticores (Lair:5)
  A cyclops (Orc:2)
  10 elephants (Lair:5)
  Joseph (D:7)
  A rust devil (Orc:2)
  2 black mambas (Lair:2)
  2 torpor snails
  Maggie (D:6)
  9 cane toads
  A kobold demonologist (D:9)
  A rime drake (Lair:5)
  10 komodo dragons
  5 polar bears
  A hornet (D:11)
  3 trolls
  3 wind drakes (Lair:5)
  Grinder (D:5)
  11 blink frogs
  6 dream sheep (Lair:4)
  Sigmund (D:4)
  2 culicivoras (Lair:2)
  9 wyverns
  A wraith (D:9)
  42 yaks
  2 vampires (D:11)
  Eustachio (D:5)
  2 vampire mosquitoes (D:10)
  2 basilisks
  7 steam dragons
  6 wargs
  Menkaure (D:4)
  3 acid dragons
  12 water moccasins
  31 orc warriors
  3 black bears
  An ice beast (D:6)
  3 sky beasts
  11 wolves
  9 ogres
  3 centaurs (Lair:3)
  3 lemures (D:5)
  3 kobold brigands
  3 scorpions
  10 bullfrogs
  10 wights
  5 killer bees (D:9)
  4 howler monkeys
  3 jellies
  20 orc priests
  4 gnoll boudas
  3 sleepcaps
  2 iguanas
  Natasha (D:2)
  18 orc wizards
  40 gnolls
  5 adders
  A white imp (D:6)
  3 worms
  3 dart slugs
  90 orcs
  8 endoplasms
  3 giant cockroaches
  39 goblins
  31 hobgoblins
  6 jackals
  16 kobolds
  3 quokkas (D:2)
  6 ball pythons
  5 bats
  9 frilled lizards
  4 rats
617 creatures vanquished.

Notes
Turn   | Place    | Note
-------+----------+-------------------------------------------
     0 | D:1      | Pooter the Minotaur Berserker began the quest for the Orb.
     0 | D:1      | Reached XP level 1. HP: 19/19 MP: 0/0
   104 | D:1      | Reached skill level 4 in Axes
   128 | D:1      | Reached XP level 2. HP: 27/27 MP: 1/1
   368 | D:1      | Reached XP level 3. HP: 29/33 MP: 2/2
   712 | D:2      | Reached skill level 5 in Axes
   822 | D:2      | Reached ** piety under Trog
   970 | D:2      | Noticed Natasha
   976 | D:2      | Reached XP level 4. HP: 35/41 MP: 3/3
   984 | D:2      | Killed Natasha
  1780 | D:4      | Noticed Menkaure
  1802 | D:4      | Killed Menkaure
  1803 | D:4      | Reached skill level 5 in Fighting
  1803 | D:4      | Reached skill level 6 in Axes
  1803 | D:4      | Reached XP level 5. HP: 48/48 MP: 4/4
  2173 | D:4      | Reached XP level 6. HP: 56/56 MP: 5/5
  2238 | D:4      | Found a white marble altar of Elyvilon.
  2357 | D:4      | Noticed Sigmund
  2370 | D:4      | Killed Sigmund
  2371 | D:4      | Reached skill level 7 in Axes
  2381 | D:4      | Reached XP level 7. HP: 54/62 MP: 6/6
  2727 | D:5      | Entered Level 5 of the Dungeon
  2734 | D:5      | Noticed Grinder
  2737 | D:5      | Paralysed by Grinder for 3 turns
  2747 | D:5      | Killed Grinder
  2748 | D:5      | Reached skill level 8 in Axes
  2748 | D:5      | Reached skill level 5 in Ranged Weapons
  3011 | D:5      | Found a blossoming altar of Fedhas.
  3059 | D:5      | Reached XP level 8. HP: 71/71 MP: 7/7
  3076 | D:5      | Noticed Pikel
  3137 | D:5      | Noticed Eustachio
  3161 | D:5      | Killed Eustachio
  3285 | D:5      | Reached skill level 9 in Axes
  3599 | D:5      | Found a shimmering altar of Xom.
  3749 | D:5      | Killed Pikel
  3750 | D:5      | Reached skill level 10 in Axes
  3824 | D:5      | Reached XP level 9. HP: 79/79 MP: 8/8
  4900 | D:6      | Found a snail-covered altar of Cheibriados.
  4900 | D:6      | Found a sparkling altar of Nemelex Xobeh.
  4900 | D:6      | Found a hide-covered altar of Uskayaw.
  7392 | D:6      | Noticed Maggie
  7400 | D:6      | Reached skill level 11 in Axes
  7417 | D:6      | Killed Maggie
  7484 | D:6      | Reached *** piety under Trog
  7507 | D:6      | Reached skill level 1 in Maces & Flails
  8371 | D:7      | Found a basalt altar of Yredelemnul.
  8498 | D:7      | Reached XP level 10. HP: 90/90 MP: 9/9
  8737 | D:7      | Found a staircase to the Ecumenical Temple.
  8836 | D:7      | Noticed Joseph
  8849 | D:7      | Killed Joseph
  9383 | D:8      | Reached skill level 10 in Ranged Weapons
  9385 | D:8      | Reached skill level 5 in Maces & Flails
  9478 | D:8      | Found a radiant altar of Vehumet.
  9520 | D:8      | Found a bloodstained altar of Trog.
  9770 | D:8      | Found Auslaq's Alliterative Armaments.
 10303 | D:9      | Reached skill level 10 in Fighting
 10583 | D:9      | Found Tameeqaut's Magic Scroll Shop.
 10591 | D:9      | Bought a scroll of identify for 28 gold pieces
 10591 | D:9      | Bought a scroll of identify for 28 gold pieces
 10591 | D:9      | Bought a scroll of identify for 28 gold pieces
 10591 | D:9      | Bought a scroll of identify for 28 gold pieces
 10591 | D:9      | Bought a scroll of enchant weapon for 105 gold pieces
 10591 | D:9      | Bought a scroll of enchant armour for 105 gold pieces
 10615 | D:9      | Reached XP level 11. HP: 89/99 MP: 10/10
 10916 | D:9      | Found a hazy altar of Hepliaklqana.
 11074 | D:10     | Entered Level 10 of the Dungeon
 11178 | D:10     | Noticed Snorg
 11191 | D:10     | Killed Snorg
 11478 | D:10     | Noticed a two-headed ogre
 11482 | D:10     | Killed a two-headed ogre
 11562 | D:10     | Found a glowing golden altar of the Shining One.
 12244 | D:11     | Found Qacum's Magic Scroll Shoppe.
 12320 | D:11     | Noticed a boulder beetle
 12324 | D:11     | Reached **** piety under Trog
 12328 | D:11     | Killed a boulder beetle
 12517 | D:11     | Noticed Erica
 12524 | D:11     | Killed Erica
 12556 | D:11     | Reached skill level 10 in Maces & Flails
 12925 | D:11     | Bought a scroll of brand weapon for 104 gold pieces
 12925 | D:11     | Bought a scroll of blinking for 82 gold pieces
 12925 | D:11     | Bought a scroll of identify for 22 gold pieces
 12925 | D:11     | Bought a scroll of identify for 22 gold pieces
 12943 | D:11     | Identified the +7 battleaxe of Precise Incision {pain, Fly
                  | rN+ Will+}
 13032 | D:11     | Found a staircase to the Orcish Mines.
 13123 | D:11     | Found a staircase to the Lair.
 13197 | D:11     | Identified the +0 robe of Huoskemugh {-Tele rC+ Int+4}
 13376 | Lair:1   | Entered Level 1 of the Lair of Beasts
 13380 | Lair:1   | Identified the +0 pair of gloves "Govyh Keg" {Dex+4}
 13527 | Lair:1   | Noticed an oklob plant
 13530 | Lair:1   | Noticed an oklob plant
 13530 | Lair:1   | Noticed an oklob plant
 13564 | Lair:1   | Noticed Fannar
 13587 | Lair:1   | Reached skill level 12 in Axes
 13593 | Lair:1   | Killed Fannar
 13795 | Lair:1   | Reached XP level 12. HP: 110/110 MP: 11/11
 14593 | Lair:1   | Reached skill level 13 in Axes
 15206 | Lair:1   | Identified the +1 lajatang of the Hidden Gods {spect,
                  | Str+3}
 16275 | Lair:2   | Found a hole to the Spider Nest.
 16616 | Lair:2   | Reached skill level 14 in Axes
 17017 | Lair:2   | Noticed a death yak
 17018 | Lair:2   | Noticed a death yak
 17018 | Lair:2   | Noticed a death yak
 17020 | Lair:2   | Noticed a death yak
 17023 | Lair:2   | Noticed a death yak
 17036 | Lair:1   | Killed a death yak
 17302 | Lair:1   | Killed a death yak
 17311 | Lair:1   | Killed a death yak
 17405 | Lair:1   | Killed a death yak
 17408 | Lair:1   | Killed a death yak
 18499 | Lair:3   | Found a staircase to the Shoals.
 18597 | Lair:3   | Reached XP level 13. HP: 122/122 MP: 12/12
 18616 | Lair:3   | Reached skill level 15 in Axes
 19946 | Lair:4   | Reached skill level 1 in Evocations
 20439 | Lair:5   | Entered Level 5 of the Lair of Beasts
 20481 | Lair:5   | Reached skill level 16 in Axes
 23673 | Lair:5   | Reached skill level 17 in Axes
 24521 | Lair:5   | Found a staircase to the Slime Pits.
 24522 | Lair:5   | Found a viscous altar of Jiyva.
 24748 | Lair:5   | Reached XP level 14. HP: 133/133 MP: 13/13
 25451 | Lair:5   | Found the +7 captain's cutlass {speed, disarm}
 25647 | Orc:1    | Entered Level 1 of the Orcish Mines
 25729 | Orc:1    | Reached ***** piety under Trog
 26348 | Orc:1    | Found a shimmering blue altar of Sif Muna.
 26425 | Orc:2    | Entered Level 2 of the Orcish Mines
 26554 | Orc:2    | Found a staircase to the Elven Halls.
 26799 | Orc:2    | Reached skill level 1 in Throwing
 26946 | Orc:2    | Noticed an orc warlord
 27354 | Orc:1    | Found a runed translucent gate.
 27355 | Orc:1    | Found a runed translucent gate.
 27355 | Orc:1    | Found an opulent altar of Gozag.
 27356 | Orc:1    | Found a runed translucent gate.
 27362 | Orc:1    | Found Hofrobli's Assorted Antiques.
 27364 | Orc:1    | Noticed Exoisseh's ghost (journeyman MiFi)
 27411 | Orc:1    | Killed Exoisseh's ghost
 27681 | Orc:1    | Bought a scroll labelled VOROMI EZXOI for 21 gold pieces
 27681 | Orc:1    | Bought 2 bubbling ruby potions for 37 gold pieces
 31538 | Orc:2    | Killed an orc warlord
 31539 | Orc:2    | Reached skill level 18 in Axes
 34049 | Orc:2    | Found Caogh's Magic Scroll Shop.
 34052 | Orc:2    | Found Duxkyku's General Store.
 34467 | Orc:2    | Bought a potion of heal wounds for 75 gold pieces
 34467 | Orc:2    | Bought a potion of heal wounds for 75 gold pieces
 34467 | Orc:2    | Bought a wand of acid (4) for 252 gold pieces
 34467 | Orc:2    | Bought a potion of curing for 45 gold pieces
 35248 | Orc:2    | Reached skill level 15 in Fighting
 35248 | Orc:2    | Reached skill level 5 in Evocations
 35253 | Orc:2    | HP: 10/202 [poisoned by an orc knight]
 35253 | Orc:2    | Killed from afar by an orc high priest

Illustrated notes

Levels and vault maps discovered:
D:1:      mrwooster_arrival_statue, layout_basic
D:2:      layout_rooms, uniq_natasha
D:3:      layout_rooms
D:4:      nicolae_cairo_tiling_very_big, layout_cave_pools, lemuel_doored_altar,
          nicolae_nh_ransacked_shop, uniq_menkaure, uniq_sigmund
D:5:      layout_basic, lemuel_tele_altar, kennysheep_mini_moat, uniq_pikel,
          uniq_grinder, uniq_eustachio
D:6:      minmay_goblin_kobold_castle, layout_loops_ring,
          gammafunk_temple_overflow_claw, uniq_maggie
D:7:      layout_basic, mainiacjoe_overflow_boulevard,
          minmay_temple_entry_nine_rooms, uniq_joseph
D:8:      layout_rooms, mainiacjoe_overflow_catch_the_wave,
          monkooky_shop_alliterative
D:9:      layout_basic, worldfamousw_hep_ancestral_shrine, serial_shops,
          nicolae_shop_advertising_works [nicolae_subvault_shop_adworks]
D:10:     layout_irregular_city, mainiacjoe_overflow_24_doors, hex_tiny,
          uniq_snorg
D:11:     layout_cave_pools, lair_entry_dummy, hiddenorc1_lemuel, serial_shops,
          shop, gauntlet_entry_generic, minmay_splitting_lines,
          serial_park_tiny_1, uniq_erica
Lair:1:   minmay_lair_oklob_chamber, layout_small_grid, grunt_megastairs_4,
          uniq_fannar
Lair:2:   layout_regular_city, hellmonk_spider_entry_life_and_decay,
          st_stairs_11
Lair:3:   beargit_carnivore_pack, layout_regular_city,
          minmay_shoals_entry_centaurs, beast_lair_carwin_6
Lair:4:   layout_cave_pods, lemuel_fruit_fields
Lair:5:   gammafunk_lair_ancient_temple, layout_big_grid,
          nicolae_slime_entry_slimehenge, pond
Orc:1:    layout_caves, ebering_ghost_gozag, led_sif_book
Orc:2:    pf_orc_diabolical, layout_caves, nicolae_orc_sculptors_studio

Skill      XL: |  1  2  3  4  5  6  7  8  9 10 11 12 13 14 |
---------------+-------------------------------------------+-----
Axes           | 4 5 6 7 8 10 11 12 14 17 18 | 18.1
Fighting       | 4 5 6 7 8 10 11 13 14 15 | 15.0
Ranged Weapons | 2 3 5 7 9 11 12 14 | 14.1
Maces & Flails | 3 7 10 | 10.1
Evocations     | 4 5 |  5.0
Throwing       | 2 |  2.6
Armour         | 4 |  4.0
Dodging        | |  2.1

Action                     |  1- 3 |  4- 6 |  7- 9 | 10-12 | 13-15 || total
---------------------------+-------+-------+-------+-------+-------++-------
  Melee: Hand axe          |    95 |    71 |   185 |       |       ||   351
         Headbutt          |     4 |     7 |    38 |    64 |    68 ||   181
         Punch             |     1 |       |     3 |     1 |       ||     5
         Morningstar       |       |       |    77 |   174 |     8 ||   259
         Battleaxe         |       |       |       |   182 |   295 ||   477
         Sling             |       |       |       |       |     2 ||     2
   Fire: Sling             |       |     8 |   123 |   121 |   305 ||   557
         Arbalest          |       |       |       |       |    41 ||    41
  Throw: Boomerang         |     6 |       |    13 |       |       ||    19
         Dart              |       |       |       |    20 |     2 ||    22
         Javelin           |       |       |       |       |     3 ||     3
 Invoke: Berserk           |     1 |     4 |    15 |    12 |     7 ||    39
         Trog's Hand       |     1 |     2 |     9 |    21 |    10 ||    43
         Brothers in Arms  |       |       |       |       |     1 ||     1
  Evoke: Wand              |       |       |     4 |     3 |     5 ||    12
    Use: Scroll            |     2 |       |     4 |    26 |     9 ||    41
         Potion            |       |       |       |     2 |     1 ||     3
   Stab: Paralysed         |       |       |       |     1 |     1 ||     2
 Armour: Chain mail        |    88 |    14 |       |   336 |   352 ||   790
         Animal skin       |     1 |       |       |       |       ||     1
         Plate armour      |       |    51 |   343 |    86 |       ||   480
  Dodge: Dodged            |    45 |    23 |   165 |   197 |   171 ||   601

Table legend: (Time is in decaauts)
 A = Elapsed time spent in this place.
 B = Non-inter-level travel time spent in this place.
 C = Inter-level travel time spent in this place.
 D = Time resting spent in this place.
 E = Time spent auto-exploring this place.
 F = Levels seen in this place.
 G = Mean time per level.
                   A        B        C        D        E       F      G
               +--------+--------+--------+--------+--------+-----+--------+
         Total |  35778 |  35173 |    605 |  19632 |  10899 |  18 | 1987.7 |
       Dungeon |  13827 |  13460 |    367 |   4889 |   6185 |  11 | 1257.0 |
          Lair |  12306 |  12121 |    185 |   6775 |   4091 |   5 | 2461.2 |
  Orcish Mines |   9644 |   9593 |     51 |   7967 |    623 |   2 | 4822.0 |
               +--------+--------+--------+--------+--------+-----+--------+

Top non-repeatable levels by time:
   Orc:2: 8202 daAuts
  Lair:5: 5025 daAuts
     D:6: 4232 daAuts
  Lair:1: 2517 daAuts
  Lair:2: 1960 daAuts
  Lair:3: 1520 daAuts
   Orc:1: 1441 daAuts
     D:5: 1397 daAuts
  Lair:4: 1283 daAuts
    D:11: 1226 daAuts
    D:10: 1208 daAuts
     D:9: 1134 daAuts
     D:4: 1134 daAuts
     D:7: 1020 daAuts
     D:8: 672 daAuts
